Cogmind - Beta 14 @@@ ROGUE MODE // 2025.03.16 @ 20:37:49 Player: Lava Result: Destroyed by G9-DVG(R) with Subdweller Machine Gun Performance ------------- Evolutions (0) 0 Regions Visited (3) 600 Robots Destroyed (21) 105 Value Destroyed (546) 546 Prototype IDs (0) 0 Alien Tech Used (0) 0 Bonus (0) 0 TOTAL SCORE: 1251 Bonus ------- None Cogmind --------- Core Integrity 0/250 Matter 249/300 Energy 236/250 System Corruption 0% Temperature Cool (0) Movement Treading (240) Ox1 Location -10/Subcaves Parts ------- > --- POWER (1) -------- Ion Engine > --- PROPULSION (2) --- Light Treads Light Treads > --- UTILITY (2) ------ High-capacity Storage Unit Sensor Array > --- WEAPON (2) ------- Light Assault Rifle Light Assault Rifle > --- INVENTORY (20) --- Ion Engine Light Ion Engine Light Nuclear Core Aluminum Leg Aluminum Leg Visual Processing Unit Sensor Array Sensor Array Terrain Scan Processor Targeting Computer Sensor Drone Bay Heavy EM Pulse Gun Heavy EM Pulse Gun Medium Laser Light Assault Rifle Mini Grenade Launcher Peak State ------------ > --- POWER ------------ Ion Engine > --- PROPULSION ------- Light Treads Light Treads > --- UTILITY ---------- High-capacity Storage Unit Improved Light Armor Plating > --- WEAPON ----------- Light Assault Rifle Mini Grenade Launcher > --- INVENTORY -------- Ion Engine Light Ion Engine Light Nuclear Core Light Treads Light Treads Aluminum Leg Aluminum Leg Visual Processing Unit Sensor Array Sensor Array Sensor Array Terrain Scan Processor Targeting Computer Sensor Drone Bay Heavy EM Pulse Gun Heavy EM Pulse Gun Medium Laser Light Assault Rifle Light Assault Rifle Light Assault Rifle [Rating: 13] Favorites ----------- Power Ion Engine Engine Ion Engine Propulsion Light Treads Treads Light Treads Utility High-capacity Storage Unit Device Sensor Array Storage High-capacity Storage Unit Protection Hardened Light Armor Plating Weapon Light Assault Rifle Energy Gun Medium Laser Ballistic Gun Light Assault Rifle Launcher Mini Grenade Launcher Build | -11 -10 -10 -10 ------- Run | Yrd Mat Min Sub Slots Evolved . | . . . . Power . | . . . . Propulsion . | . . . . Utility . | . . . . Weapon . | . . . . Parts Attached 27 | 6 9 4 8 Power 2 | 1 1 . . Engine 2 | 1 1 . . Core . | . . . . Reactor . | . . . . Propulsion 9 | 2 4 1 2 Treads 9 | 2 4 1 2 Leg . | . . . . Wheel . | . . . . Hover . | . . . . Flight . | . . . . Utility 6 | 1 2 2 1 Device 1 | . . . 1 Storage 2 | 1 1 . . Processor . | . . . . Hackware . | . . . . Protection 3 | . 1 2 . Artifact . | . . . . Weapon 10 | 2 2 1 5 Energy Gun 1 | 1 . . . Energy Cannon . | . . . . Ballistic Gun 7 | 1 2 1 3 Ballistic Cannon . | . . . . Launcher 2 | . . . 2 Special Weapon . | . . . . Impact Weapon . | . . . . Slashing Weapon . | . . . . Piercing Weapon . | . . . . Special Melee Weapon . | . . . . Unidentified Prototypes . | . . . . Parts Lost 8 | . 2 2 4 Power 1 | . 1 . . Propulsion 4 | . 1 1 2 Utility 2 | . . 1 1 Weapon 1 | . . . 1 Highest Loss Streak 4 | . 1 2 4 To Critical Strikes . | . . . . Average Slot Usage (%) 99 | . 99 100 98 Engine 13 | . 13 14 14 Treads 27 | . 27 28 27 Storage 14 | . 14 14 14 Protection 13 | . 13 14 11 Ballistic Gun 26 | . 26 28 25 Peak Build Rating 13 | 6 10 12 13 Average Rating 10 | 4 9 10 11 On Entrance 7 | . 6 10 12 Naked Turns . | . . . . Heaviest Build 53 | 13 53 52 50 Greatest Support 40 | 40 40 40 40 Greatest Overweight (x) 1 | . 1 1 1 Average Overweight (x) . | . . 1 1 Largest Inventory Capacity 20 | 8 20 20 20 Average Capacity 19 | 6 19 20 20 Most Carried 20 | 5 20 20 20 Average Carried 17 | 3 15 19 19 Final Capacity 20 | 8 20 20 20 Final Carried 20 | 4 18 20 16 Class Distribution -------------------- 100% | Mutant Dominant Class ---------------- Mutant | -10/Materials Mutant | -10/Mines Mutant | -10/Subcaves Resources | -11 -10 -10 -10 ----------- Run | Yrd Mat Min Sub Matter Collected 617 | 231 187 123 76 Remotely . | . . . . Salvage Created 757 | . 550 153 54 Parts 41 | . 27 8 6 Haulers Intercepted . | . . . . Recyclers Shooed . | . . . . Parts Field Recycled . | . . . . Retrieved Matter . | . . . . Parts Self-Destructed 7 | . . . 7 Prevented . | . . . . Kills | -11 -10 -10 -10 ------- Run | Yrd Mat Min Sub Combat Hostiles Destroyed 19 | . 11 7 1 Guns 19 | . 11 7 1 Classes Destroyed 7 | . 4 1 2 Recycler 1 | . 1 . . Watcher 3 | . 3 . . Swarmer 6 | . 3 3 . Grunt 10 | . 8 2 . Artisan 1 | . . . 1 Subdweller 1 | . . . 1 Assembled 2 | . . 2 . Best Kill Streak 3 | . 3 3 1 Combat Bots Only 3 | . 3 3 1 Max Kills in Single Turn 1 | . 1 1 1 Gunslinging . | . . . . Exploded . | . . . . Melee . | . . . . Uniques/NPCs Destroyed . | . . . . Combat | -11 -10 -10 -10 -------- Run | Yrd Mat Min Sub Hostile Shots Fired 161 | . 75 59 27 Missed 43 | . 18 15 10 Damage Taken 1738 | . 726 553 459 Core 257 | . 106 75 76 Absorbed by Shields . | . . . . Core Remaining (%) 100 | 100 . . . Volleys Fired 111 | . 62 28 21 Largest 2 | . 2 2 2 Hottest 70 | . 70 40 50 Shots Fired 220 | . 124 56 40 Gun 217 | . 124 56 37 Cannon . | . . . . Launcher 3 | . . . 3 Special . | . . . . Kinetic 210 | . 117 56 37 Thermal 7 | . 7 . . Explosive 3 | . . . 3 Electromagnetic . | . . . . Robot Hit Streak 19 | . 15 19 8 Robot Miss Streak 6 | . 6 3 2 Penetration Max . | . . . . Secondary Targets 2 | . . 2 . Max Gunslinging Chain 1 | . . 1 . Shots Hit Robots 140 | . 76 37 27 Core Hits 59 | . 36 18 5 Critical Kills . | . . . . Critical Parts Destroyed . | . . . . Critical Strikes . | . . . . Melee Attacks . | . . . . Impact . | . . . . Slashing . | . . . . Piercing . | . . . . Sneak Attacks . | . . . . Combat Hostiles . | . . . . Follow-up Attacks . | . . . . Damage Inflicted 1256 | . 669 333 254 Guns 1174 | . 650 317 207 Cannons . | . . . . Explosions 47 | . . . 47 Melee . | . . . . Ramming 35 | . 19 16 . Kinetic 1150 | . 626 317 207 Thermal 24 | . 24 . . Explosive 47 | . . . 47 Electromagnetic . | . . . . Impact . | . . . . Slashing . | . . . . Piercing . | . . . . Highest Corruption . | . . . . Average Corruption . | . . . . Corruption Purged . | . . . . Corruption Blocked . | . . . . Overload Shots . | . . . . Overflow Damage . | . . . . Projectiles . | . . . . Explosions . | . . . . Melee . | . . . . Knockbacks 2 | . 1 1 . Impact 2 | . 1 1 . Kinetic . | . . . . Secondary . | . . . . Self-Inflicted Damage . | . . . . Shots . | . . . . Rammed 6 | . 2 4 . Targets Rammed 6 | . 2 4 . Kicked . | . . . . Crushed . | . . . . Highest Temperature 241 | . 162 157 241 Average Temperature 50 | . 43 52 141 Received Heat Transfer 978 | . 378 195 405 Siege Activations . | . . . . Robots Corrupted . | . . . . Combat Hostiles . | . . . . Parts Fried . | . . . . Impact Corruptions . | . . . . Robots Melted . | . . . . Combat Hostiles . | . . . . Parts Melted . | . . . . Heat Transferred 74 | . 74 . . Parts Sabotaged . | . . . . Parts Stolen . | . . . . Parts Stripped . | . . . . Power Chain Reactions . | . . . . Alert | -11 -10 -10 -10 ------- Run | Yrd Mat Min Sub Peak Influence 135 | . 94 135 . Initial 3 | . . 3 . Average 31 | . 44 20 . Maximum Alert Level . | . . . . Low Security (%) 100 | 100 100 100 . Level 1 . | . . . . Level 2 . | . . . . Level 3 . | . . . . Level 4 . | . . . . Level 5 . | . . . . High Security . | . . . . Max Security . | . . . . Squads Dispatched 1 | . 1 . . Investigation . | . . . . Extermination . | . . . . Reinforcement 1 | . 1 . . Assault . | . . . . Garrison . | . . . . Intercept . | . . . . Searches Triggered . | . . . . Construction Impeded . | . . . . Haulers Reinforced . | . . . . Active Scanning Responses . | . . . . Cargo Convoy Interrupts . | . . . . Stealth | -11 -10 -10 -10 --------- Run | Yrd Mat Min Sub Distress Signals 4 | . 4 . . Communications Jammed . | . . . . Distress Signals . | . . . . Times Spotted 28 | . 19 7 2 Peak Tracking Total 4 | . 4 3 1 Tactical Retreats 2 | . 2 . . Traps | -11 -10 -10 -10 ------- Run | Yrd Mat Min Sub Traps Triggered 3 | . 3 . . Indirectly . | . . . . Trap Hack Attempts . | . . . . Triggered . | . . . . Disarmed . | . . . . Reprogrammed . | . . . . Reused . | . . . . Traps Extracted . | . . . . Installed . | . . . . Triggered . | . . . . Machines | -11 -10 -10 -10 ---------- Run | Yrd Mat Min Sub Machines Disabled . | . . . . Max in Single Turn . | . . . . Machines Repaired . | . . . . Machines Dismantled . | . . . . Machines Sabotaged . | . . . . Overloaded Fab Kills . | . . . . Hacking | -11 -10 -10 -10 --------- Run | Yrd Mat Min Sub Machines Accessed 6 | . 5 1 . Terminals 5 | . 5 . . Fabricators . | . . . . Repair Stations . | . . . . Recycling Units . | . . . . Scanalyzers . | . . . . Garrison Access . | . . . . Total Hacks 15 | . 14 1 . Successful 6 | . 5 1 . Failed 9 | . 9 . . Catastrophic 1 | . 1 . . Database Lockouts . | . . . . Manual 6 | . 6 . . Terminals 14 | . 14 . . Fabricators . | . . . . Repair Stations . | . . . . Recycling Units . | . . . . Scanalyzers . | . . . . Garrison Access . | . . . . Terminal Hacks 6 | . 5 1 . Part Schematic 1 | . 1 . . Open Door 1 | . . 1 . Terminal Index 1 | . 1 . . Surveillance Status 1 | . 1 . . Hauler Manifests 2 | . 2 . . Fabricator Hacks . | . . . . Repair Station Hacks . | . . . . Recycling Unit Hacks . | . . . . Scanalyzer . | . . . . Garrison Access Hacks . | . . . . Unauthorized Hacks . | . . . . Terminals . | . . . . Fabricators . | . . . . Repair Stations . | . . . . Recycling Units . | . . . . Scanalyzers . | . . . . Garrison Access . | . . . . Data Cores Recovered . | . . . . Used . | . . . . Hacking Detections 5 | . 5 . . Full Trace Events . | . . . . Feedback Events . | . . . . Feedback Blocked . | . . . . Robot Schematics Acquired . | . . . . Robots Built . | . . . . Authchips . | . . . . Time . | . . . . Total Robot Build Rating . | . . . . Part Schematics Acquired 1 | . 1 . . Parts Built . | . . . . Authchips . | . . . . Time . | . . . . Total Part Build Rating . | . . . . Parts Repaired . | . . . . Time . | . . . . Parts Recycled . | . . . . Recycled Matter . | . . . . Retrieved Matter . | . . . . Retrieved Components . | . . . . Parts Scanalyzed . | . . . . Part Schematics Acquired . | . . . . Parts Damaged . | . . . . Bothacking | -11 -10 -10 -10 ------------ Run | Yrd Mat Min Sub Used RIF Installer . | . . . . Robots Hacked . | . . . . Non-combat . | . . . . Combat . | . . . . Robot Hacks Applied . | . . . . Relay Couplers Released . | . . . . Fabnet Peak Effective % . | . . . . Robots Rewired . | . . . . Allies Hacked . | . . . . Hacks Repelled . | . . . . Allies | -11 -10 -10 -10 -------- Run | Yrd Mat Min Sub Total Allies . | . . . . Largest Group . | . . . . Highest-Rated Group . | . . . . Highest-Rated Ally . | . . . . Total Orders . | . . . . Ally Attacks . | . . . . Total Damage . | . . . . Kills . | . . . . Allies Corrupted . | . . . . Allies Melted . | . . . . Intel | -11 -10 -10 -10 ------- Run | Yrd Mat Min Sub Robot Analysis Total . | . . . . Derelict Logs Recovered . | . . . . Drone Launches . | . . . . Drone Recoveries . | . . . . Exploration | -11 -10 -10 -10 ------------- Run | Yrd Mat Min Sub Turns Passed 3900 | 83 1719 1736 362 Spaces Moved 1494 | 44 646 679 125 Core 2 | 2 . . . Treads 1492 | 42 646 679 125 Legs . | . . . . Wheels . | . . . . Hover . | . . . . Flight . | . . . . Fastest Speed 50 | 50 160 240 240 Average Speed 233 | 155 231 240 240 Slowest Speed 240 | 160 240 240 240 Overloaded Moves . | . . . . Propulsion Burnouts . | . . . . Robots Hopped . | . . . . Cave-ins Triggered . | . . . . Exploration Rate (%) 49 | 5 89 98 7 Regions Visited 3 Branch Regions 2 Pre-discovered Areas 1 | . . 1 . Known Exits Taken . | . . . . Unknown Exits Taken 3 | 1 1 1 . Scrap Searched 2 | . . 2 . Spaces Dug 8 | . . . 8 Terrain Destroyed 31 | . . . 31 Melee . | . . . . Projectile . | . . . . AOE 31 | . . . 31 Terrain Rammed . | . . . . Walls Destroyed . | . . . . Machines Disabled . | . . . . Actions | -11 -10 -10 -10 --------- Run | Yrd Mat Min Sub Total 1720 | 59 769 738 154 Wait 43 | . 29 14 . Move 1491 | 43 645 678 125 Hop . | . . . . Pick Up 37 | 10 21 6 . Fast Attach . | . . . . Attach 19 | 6 7 2 4 Detach . | . . . . Swap 8 | . 2 2 4 Drop 5 | . 1 4 . Fire 111 | . 62 28 21 Melee . | . . . . Ram . | . . . . Kick . | . . . . Crush 6 | . 2 4 . Escape Stasis . | . . . . Rewire . | . . . . Trap . | . . . . Miscellaneous . | . . . . Route ------- -11/Scrapyard -10/Materials (discovered 4 exits: [*Mat x2] / *Min x2) -10/Mines (discovered 3 exits: [*Mat x2] / [*Sub]) -10/Subcaves History --------- Turn | Location | Event 50 | -11/Scrapyard | Discovered new exit (range 13) 84 | -11/Scrapyard | Entered Materials 308 | -10/Materials | Build established: Mutant 616 | -10/Materials | Discovered new exit (range 12) 916 | -10/Materials | Discovered new exit (range 10) 1082 | -10/Materials | Discovered new exit (range 6) 1334 | -10/Materials | Discovered new exit (range 16) 1803 | -10/Materials | Entered Mines 1858 | -10/Mines | Core integrity fell below 50% 2057 | -10/Mines | Discovered new exit (range 7) 2171 | -10/Mines | Discovered new exit (range 15) 2442 | -10/Mines | Assembled infested the area 2706 | -10/Mines | Learned location of Storage (-7) 2778 | -10/Mines | Found the Drone Emporium 2816 | -10/Mines | Found Prototype Device 3167 | -10/Mines | Found a hidden stash of uninstalled traps 3522 | -10/Mines | Discovered new exit (range 6) 3539 | -10/Mines | Entered Subcaves 3682 | -10/Subcaves | Shifting Twisted Machinery released Flamer 3794 | -10/Subcaves | Ambushed by angry Subdweller bent on revenge 3824 | -10/Subcaves | Core integrity fell below 20% 3872 | -10/Subcaves | Lost 4 parts (2n1u1w) 3901 | -10/Subcaves | Destroyed by G9-DVG(R) with Subdweller Machine Gun Last Messages --------------- The unstable cave ceiling collapses. Y5-2F7(R) angrily emerges from the Twisted Machinery. Y5-2F7(R): "SUBMAD!" Critical hit (Meltdown: +270). Lgt. Assault Rifle destroyed. Subatomizers dissect the Wheel. Acquired 20 matter. Lgt. Treads destroyed. Subatomizers dissect the Wheel. Lgt. Treads destroyed. Imp. Light Armor Plating destroyed. Y5-2F7(R) destroyed. Acquired 34 matter. Subatomizers dissect the Wheel. Acquired 11 matter. Subatomizers dissect the Wheel. The unstable cave ceiling collapses. Acquired 11 matter. The unstable cave ceiling collapses. Map ----- +----------------------------------------------------+ | # ##????????????????????????? | | # ## #####?????????????????????????? | | ### # ##?????????????????????????????? | | #??????????????????????????????? | | # ##??????????????????????????????? | | # ## ##???????????????????????????????? | | ######## ########????????????????????????????? | | ###????# # ##???????????????????????????? | | # ##???## ###?????????????????????????? | | # ##???# # ##????????????????????????? | | # ##??## ##?##????????????????????? | | # ##??##### ## #????????????????????? | | # ###????# # " #?????????????????????? | | # # #### ### ##?????????????????????? | | # ## = #?????????????????????? | | # ###! ###???????????????????? | | ### # &|=* #???????????????????? | | ## ######?### " &## # ##??????????????????? | | #### ##????????# ""= #??????????????????? | | ???######?????????# "" #??????????????????? | | ??????????????????# "" ####??????????????????? | | ??????????????????#"" ## ""#????????????????????? | | ??????????????????#"" ### #????????????????????? | | ??????????????????##" ?# #????????????????????? | | ???????????????????#" ?# ##????????????????????? | | ???????????????????#" ?#@ #?????????????????????? | | ????????????????????" ?# #?????????????????????? | | ???????????????????? ?? R#?????????????????????? | | ????????????????????# ?? ?????????????????????? | | ????????????????????#??## " ????????????????????? | | ????????????????????????#""" ???????????????????? | | ????????????????????????## = ???????????????????? | | ??????????????????????????## ##??????????????????? | | ????????????????????????????##???????????????????? | | ?????????????????????????????????????????????????? | | ?????????????????????????????????????????????????? | | ?????????????????????????????????????????????????? | | ?????????????????????????????????????????????????? | | ?????????????????????????????????????????????????? | | ?????????????????????????????????????????????????? | | ?????????????????????????????????????????????????? | | ?????????????????????????????????????????????????? | | ?????????????????????????????????????????????????? | | ?????????????????????????????????????????????????? | | ?????????????????????????????????????????????????? | | ?????????????????????????????????????????????????? | | ?????????????????????????????????????????????????? | | ?????????????????????????????????????????????????? | | ?????????????????????????????????????????????????? | | ?????????????????????????????????????????????????? | +----------------------------------------------------+ Best States ------------- Heat Dissipation 25 Energy Generation 10 Energy Capacity 250 Matter Stores 300 Matter Capacity 300 Sight Range 16 Robot Scan Range 14 Terrain Scan Density 10 Armor Coverage 150 Evasion (%) 40 Recoil Reduction 2 Item Schematics ----------------- Signal Interpreter | -10/Materials | Hacked Robot Schematics ------------------ None Fabricated ------------ Nothing Alien Tech Used ----------------- None Achievements -------------- None Challenges ------------ None Game ------ Seed HardenedWaveCompanion Manual? 0 Play Time 00:19:22 Cumulative 17.2 hours Start 2025.03.16 @ 20:20:40 End 2025.03.16 @ 20:37:49 Sessions 1 Manual Loads 0 Difficulty Rogue Special Mode None Game No. 26 Rogue 26 Adventurer 0 Explorer 0 Win Type - Total 0 Types 0/0/0/0/0/0/0/0/0 Lore% 11 Gallery% 20 Achievement% 20 Wizard Run 0 Options --------- Layout 1 ASCII 0 Keyboard 0 Movement Mouse Keybinds 0 Fullscreen 1 Font 32/SmallcapsGlow Map View 50x40 Zoom Use 0% Tactical HUD 0 Map Filters NONE Filters NONE Steam 1 RUN: 183e787f-9471-4c41-b928-03cb1ac094fc